 Seeded DCSS version 0.30.1-11-g7821555f0a (webtiles) character file.

Game seed: 5 (custom seed)

2237 Kazon the Shield-Bearer (level 9, -9/66 HPs)
             Began as a Mummy Fighter on Nov 8, 2023.
             Was an Elder of Okawaru.
             Mangled by a two-headed ogre
             ... wielding a +0 giant spiked club
              (18 damage)
             ... on level 7 of the Dungeon on Nov 15, 2023.
             The game lasted 00:23:12 (4173 turns).

Kazon the Shield-Bearer (Mummy Fighter)             Turns: 4173, Time: 00:23:12

Health: -9/66      AC: 12    Str: 25    XL:     9   Next: 14%
Magic:  0/21       EV: 12    Int:  9    God:    Okawaru [****..]
Gold:   273        SH: 17    Dex: 17    Spells: 8/8 levels left

rFire   x . .        x - +0 hand axe (vamp)
rCold   + . .        c - +0 tower shield
rNeg    + + +        b - +0 scale mail
rPois   ∞            g - +0 helmet
rElec   .            (no cloak)
rCorr   .            d - +1 pair of gloves {Str+3}
SInv    .            (no boots)
Will    +....        v - amulet of guardian spirit
Stlth   +++          o - ring of magical power
HPRegen 0.31/turn    t - +6 ring of dexterity
MPRegen 0.17/turn

%: guardian spirit, faith
@: heroic
A: cold resistance 1, negative energy resistance 3, torment resistance 2, heat
vulnerability 1, in touch with death 1, no potions, faith
a: Renounce Religion, Heroism, Finesse


You were on level 7 of the Dungeon.
You worshipped Okawaru.
Okawaru was greatly pleased with you.
You visited 2 branches of the dungeon, and saw 8 of its levels.

You collected 273 gold pieces.

Inventory:

Hand Weapons
 a - a +0 war axe
 e - a +2 vampiric dagger
 f - a +0 hand axe of flaming
 x - a +0 vampiric hand axe (weapon)
Missiles
 h - 11 boomerangs (quivered)
 p - 3 poisoned darts
 r - 10 stones
Armour
 b - a +0 scale mail (worn)
 c - a +0 tower shield (worn)
 d - a +1 pair of gloves of strength (worn)
 g - a +0 helmet (worn)
Jewellery
 o - a ring of magical power (left hand)
 t - a +6 ring of dexterity (right hand)
 v - an amulet of guardian spirit (around neck)
Wands
 s - a wand of paralysis (6)
Scrolls
 i - a scroll of blinking {unknown}
 j - a scroll of teleportation
 k - 2 scrolls of identify {unknown}
 l - a scroll of summoning {unknown}
 m - 2 scrolls of magic mapping {unknown}
 n - a scroll of fog {unknown}
 q - a scroll of torment {unknown}
 u - a scroll of amnesia {unknown}
 w - a scroll of poison {unknown}
 y - a scroll of enchant armour {unknown}


   Skills:
 + Level 4.4(9.4) Fighting
 + Level 1.0(6.0) Short Blades
 + Level 4.3(9.3) Axes
 + Level 2.6(7.6) Throwing
 + Level 4.0(9.0) Armour
 + Level 2.2(7.2) Dodging
 + Level 2.8(7.8) Stealth
 + Level 4.7(9.7) Shields
 * Level 4.5 Invocations
 * Level 2.0 Evocations


You had 8 spell levels left.
You didn't know any spells.
Your spell library contained the following spells:

 Spells                   Type           Power      Damage    Failure   Level
 Frozen Ramparts          Ice            0%         1d1       100%        3
 Ignite Poison            Fire/Tmut/Pois 0%         N/A       100%        3
 Sticky Flame             Conj/Fire      0%         2d3       100%        4
 Eringya's Noxious Bog    Tmut/Pois      0%         N/A       100%        6
 Ignition                 Fire           0%         3d3       100%        8
 Ice Form                 Ice/Tmut       Unusable   N/A       N/A         4
 Summon Ice Beast         Ice/Summ       Unusable   N/A       N/A         4
 Summon Forest            Summ/Tloc      Unusable   N/A       N/A         5
 Summon Hydra             Summ           Unusable   N/A       N/A         7

Dungeon Overview and Level Annotations

Branches:
Dungeon (7/15)             Temple (1/1) D:4

Altars:
Dithmenos
Fedhas
Gozag
Hepliaklqana
Okawaru
Qazlal
Trog
Uskayaw
Wu Jian
Xom


Innate Abilities, Weirdness & Mutations

You are immune to poison.
Your flesh is cold resistant. (rC+)
You are immune to negative energy. (rN+++)
You are immune to unholy pain and torment.
You are vulnerable to heat. (rF-)
You are in touch with the powers of death.
You do not drink.
You have a special connection with the divine. (Faith)


Message History

You slash the wight!
The wight is heavily damaged.
You hit the two-headed ogre but do no damage.
You block the two-headed ogre's attack.
The two-headed ogre hits you with a +0 giant club.
You block the wight's attack.
You hit the wight but do no damage.
The wight is heavily damaged.
You hit the two-headed ogre but do no damage.
The wight hits you with a +0 scimitar.
The two-headed ogre closely misses you. x2
You hit the wight but do no damage.
The wight is heavily damaged.
You completely miss the two-headed ogre.
You block the wight's attack.
You hit the wight.
The wight is severely damaged.
You barely miss the two-headed ogre. The two-headed ogre closely misses you.
The two-headed ogre hits you with a +0 giant club!
You block the wight's attack.
You hit the wight but do no damage.
The wight is severely damaged.
You hit the two-headed ogre. The wight misses you.
The two-headed ogre barely misses you. You block the two-headed ogre's attack.
You barely miss the two-headed ogre.
The two-headed ogre is lightly wounded.
You hit the wight. You block the wight's attack. x2
The two-headed ogre hits you with a +0 giant spiked club!
The two-headed ogre hits you with a +0 giant club!
You hit the two-headed ogre.
You feel better.
The two-headed ogre is lightly wounded.
You barely miss the wight. The wight hits you with a +0 scimitar!
You slash the two-headed ogre!
You feel better.
The two-headed ogre is moderately wounded.
You hit the wight.
You destroy the wight!
Okawaru accepts your kill.
The two-headed ogre hits you with a +0 giant spiked club!!
* * * LOW HITPOINT WARNING * * *
The two-headed ogre hits you with a +0 giant club!!
You die...

#?......##..#
#.....z.##..# ##
.......y##..######...#
#....zzK##...........#
#....zKK##.###.#.##..
#..>.Kc)##.##.###..
#.##.###.#.#
.#####K##O# ##.#
#......KZ@†# #.#
#.###...#### #.# ##
#.### #.####.# #. #.
#......# #. ..
#.###### #. .# #.# #.
.. ###.# #. #...# #.
#.#.# #.


You could see a two-headed ogre, a hobgoblin zombie and 2 kobolds.

Vanquished Creatures
  Sigmund (D:4)
  Duvessa (D:6)
  A water moccasin (D:6)
  A sky beast (D:7)
  2 black bears (D:4)
  2 centaurs
  An ogre (D:5)
  A kobold brigand (D:7)
  2 scorpions
  3 wights (D:7)
  4 killer bees (D:7)
  Dowan (D:6)
  A howler monkey (D:5)
  A vampire bat (D:7)
  5 hounds
  3 orc priests (D:6)
  A jelly (D:5)
  6 iguanas
  4 orc wizards (D:6)
  4 gnolls (D:5)
  9 adders
  2 ufetubi
  3 worms
  14 orcs
  12 bats
  9 endoplasms
  A giant cockroach (D:1)
  12 goblins
  7 hobgoblins
  11 jackals
  5 kobolds
  3 quokkas (D:4)
  6 ball pythons
  3 frilled lizards
  4 rats
146 creatures vanquished.

Notes
Turn   | Place    | Note
-------+----------+-------------------------------------------
     0 | D:1      | Kazon the Mummy Fighter began the quest for the Orb.
     0 | D:1      | Reached XP level 1. HP: 18/18 MP: 1/1
    44 | D:1      | Identified a scroll of acquirement
    44 | D:1      | Acquired a +1 pair of gloves of strength
    81 | D:1      | Reached XP level 2. HP: 24/24 MP: 2/2
   368 | D:1      | Gained mutation: You are in touch with the powers of death.
                  | [Mummy growth]
   368 | D:1      | Reached XP level 3. HP: 29/29 MP: 3/3
  1123 | D:2      | Reached XP level 4. HP: 35/35 MP: 4/4
  1546 | D:3      | Reached skill level 1 in Throwing
  1582 | D:3      | Found a blossoming altar of Fedhas.
  1745 | D:3      | Found a stormy altar of Qazlal.
  1840 | D:3      | Identified the +2 sling "Qeuhanocyt" {speed, rElec Str-3
                  | Dex+2}
  1857 | D:3      | Found a faded altar of an unknown god.
  2008 | D:4      | Found a staircase to the Ecumenical Temple.
  2017 | Temple   | Entered the Ecumenical Temple
  2032 | Temple   | Became a worshipper of Warmaster Okawaru
  2091 | D:4      | Noticed a black bear
  2121 | D:4      | Killed a black bear
  2121 | D:4      | Reached * piety under Okawaru
  2122 | D:4      | Reached skill level 1 in Stealth
  2122 | D:4      | Reached XP level 5. HP: 14/42 MP: 5/5
  2126 | D:4      | Found a hazy altar of Hepliaklqana.
  2127 | D:4      | Found a shadowy altar of Dithmenos.
  2127 | D:4      | Noticed a shadow
  2210 | D:4      | Reached XP level 6. HP: 33/48 MP: 6/6
  2335 | D:4      | Noticed Sigmund
  2342 | D:4      | Killed Sigmund
  2342 | D:4      | Reached ** piety under Okawaru
  2343 | D:4      | Reached skill level 1 in Invocations
  2435 | D:4      | Reached skill level 1 in Dodging
  2435 | D:4      | Reached XP level 7. HP: 52/53 MP: 8/8
  2821 | D:5      | Entered Level 5 of the Dungeon
  3191 | D:5      | Reached *** piety under Okawaru
  3271 | D:6      | Noticed Dowan
  3272 | D:6      | Noticed Duvessa
  3283 | D:6      | Killed Dowan
  3291 | D:6      | Killed Duvessa
  3292 | D:6      | Reached XP level 8. HP: 21/60 MP: 6/10
  3467 | D:6      | Found a shimmering altar of Xom.
  3765 | D:6      | Reached skill level 1 in Short Blades
  3838 | D:5      | Reached skill level 1 in Evocations
  4061 | D:7      | Reached **** piety under Okawaru
  4129 | D:7      | Reached XP level 9. HP: 53/66 MP: 8/12
  4159 | D:7      | Noticed a two-headed ogre
  4173 | D:7      | Mangled by a two-headed ogre

Illustrated notes

Levels and vault maps discovered:
D:1:      ebering_trefoil_3fold, layout_basic, st_stairs_14, serial_bayou_ford_a
D:2:      layout_basic, hangedman_decor_growths, minmay_close_crescents
D:3:      layout_rooms, mainiacjoe_overflow_concentric_impassable,
          mainiacjoe_overflow_paths, shapermc_ecumenical_altar_acropolis,
          chequers_serial_rivers_micro_b
D:4:      layout_basic, riverfiend_overflow_shadow_ancestor,
          minmay_temple_entry_glass, uniq_sigmund
D:5:      layout_gridville
D:6:      layout_basic, xom_teletrap_fun, uniq_duvessa
D:7:      layout_loops_ring, enter_ossuary_3, roderic_batcave
Temple:   nicolae_temple_elliptical

Skill      XL: |  1  2  3  4  5  6  7  8  9 |
---------------+----------------------------+-----
Axes           | 2 3 4 |  4.3
Throwing       | 1 2 |  2.6
Stealth        | 1 2 |  2.8
Shields        | 3 4 |  4.7
Armour         | 3 4 |  4.0
Invocations    | 1 2 4 |  4.5
Dodging        | 1 2 |  2.2
Fighting       | 4 |  4.4
Short Blades   | 1 |  1.0
Evocations     | 1 2 |  2.0

Action                     |  1- 3 |  4- 6 |  7- 9 || total
---------------------------+-------+-------+-------++-------
  Melee: War axe           |   114 |    97 |    92 ||   303
         Dagger            |       |    62 |   118 ||   180
         Hand axe          |       |       |   204 ||   204
  Throw: Stone             |       |    14 |    23 ||    37
         Dart              |       |     3 |    17 ||    20
         Boomerang         |       |       |     9 ||     9
 Invoke: Heroism           |       |       |     3 ||     3
  Evoke: Wand              |       |       |     2 ||     2
    Use: Scroll            |     2 |     1 |       ||     3
 Armour: Scale mail        |    54 |    73 |   183 ||   310
  Dodge: Dodged            |    46 |    39 |   129 ||   214
  Block: Buckler           |    11 |       |       ||    11
         Tower shield      |    47 |    92 |   388 ||   527
